 Dungeon Crawl Stone Soup version 0.30-a0-779-g7971cf19c3 (webtiles) character file.

Game seed: 2524579612984623460

13 cforsyth the Caller (level 2, -1/15 HPs)
             Began as a Tengu Summoner on Feb 17, 2023.
             Slain by a worm (10 damage)
             ... on level 2 of the Dungeon.
             The game lasted 00:01:56 (710 turns).

cforsyth the Caller (Tengu Summoner)                 Turns: 710, Time: 00:01:57

Health: -1/15      AC:  2    Str:  8    XL:     2   Next: 37%
Magic:  4/6        EV: 12    Int: 15    God:
Gold:   74         SH:  0    Dex: 14    Spells: 2/5 levels left

rFire   . . .      SeeInvis .    (no weapon)
rCold   . . .      Faith    .    (no shield)
rNeg    . . .      Spirit   .    a - +0 robe
rPois   .          Reflect  .    (helmet restricted)
rElec   .          Harm     .    (no cloak)
rCorr   .          Rampage  .    (no gloves)
Will    .....                    (boots unavailable)
Stlth   ++                       (no amulet)
HPRegen 0.22/turn                (no ring)
MPRegen 0.10/turn                (no ring)

@: no status effects
A: beak, talons 3
a: no special abilities


You were on level 2 of the Dungeon.
You visited 1 branch of the dungeon, and saw 2 of its levels.

You collected 74 gold pieces.

Inventory:

Armour
 a - a +0 robe (worn)
Scrolls
 c - 2 scrolls of noise {unknown}
 e - a scroll of identify {unknown}
 f - a scroll of amnesia {unknown}
Potions
 b - a potion of magic
 d - a potion of berserk rage {unknown}


   Skills:
 - Level 2.1 Dodging
 - Level 2.0 Stealth
 + Level 2.4 Spellcasting
 + Level 5.2 Summonings


You had 2 spell levels left.
You knew the following spells:

 Your Spells              Type           Power      Damage    Failure   Level
a - Summon Small Mammal   Summ           68%        N/A       2%          1
b - Call Imp              Summ           17%        N/A       3%          2

Your spell library contained the following spells:

 Spells                   Type           Power      Damage    Failure   Level
 Apportation              Tloc           2%         N/A       22%         1
 Necrotise                Necr           4%         1d4       22%         1
 Call Canine Familiar     Summ           17%        N/A       8%          3
 Summon Guardian Golem    Hex/Summ       9%         N/A       22%         3
 Summon Lightning Spire   Summ/Air       9%         N/A       58%         4


Dungeon Overview and Level Annotations

Branches:
Dungeon (2/15)

Altars:

Shops:
D:1 :


Innate Abilities, Weirdness & Mutations

You have a beak for a mouth.
You have claws for feet.


Message History

Done exploring.
Done exploring.
(D) Dungeon
Where to? (? - help)
There is a stone staircase leading down here.
You climb downwards.
The kobold shouts!
Found a black potion.
There is a stone staircase leading up here.
There are monsters nearby!
Casting: Summon Small Mammal (safe; 2% risk of failure)
Confirm with . or Enter, or press ? or * to list all spells.
A beastly little devil appears in a puff of frigid air.
The kobold hits you with a +0 dagger.
You climb upwards.
Your summoned ally is left behind.
There is a stone staircase leading down here.
Casting: Call Imp (safe; 3% risk of failure)
Confirm with . or Enter, or press ? or * to list all spells.
A beastly little devil appears in a puff of frigid air.
The kobold hits you with a +0 dagger.
Unknown command.
You see here a +0 hand axe.
The kobold attacks as you move away! The kobold hits you with a +0 dagger.
The kobold hits your white imp but does no damage.
Your white imp hits the kobold.
Your white imp freezes the kobold.
The kobold dies!
Your white imp disappears in a puff of smoke!
HP restored.
Magic restored.
Done exploring.
You see here a +0 hand axe.
There is a stone staircase leading down here.
You climb downwards.
The worm bites you.
There is a stone staircase leading up here.
Casting: Call Imp (safe; 3% risk of failure)
Confirm with . or Enter, or press ? or * to list all spells.
A beastly little devil appears in a puff of flame.
The worm bites you!
Ouch! That really hurt!
You die...

###. .#.#
...# ... ..
# ##.#.####
#w.......
#@.!#
#.......#
#..5....#
.........#
.##.#...###
.. ..#...#
. ......##
.####..#


You could see a worm (ally target) and a friendly crimson imp (summoned).

Vanquished Creatures
  A hobgoblin (D:1)
  A ball python (D:1)
  A rat (D:1)
3 creatures vanquished.

Vanquished Creatures (collateral kills)
  2 endoplasms (D:1)
  A giant cockroach (D:1)
  2 jackals (D:1)
  A ball python (D:1)
  A bat (D:1)
  A frilled lizard (D:1)
  2 kobolds (D:1)
10 creatures vanquished.

Grand Total: 13 creatures vanquished

Notes
Turn   | Place    | Note
-------+----------+-------------------------------------------
     0 | D:1      | cforsyth the Tengu Summoner began the quest for the Orb.
     0 | D:1      | Reached XP level 1. HP: 10/10 MP: 4/4
   162 | D:1      | Found Awahiop's Book Emporium.
   171 | D:1      | Reached skill level 5 in Summonings
   321 | D:1      | Reached XP level 2. HP: 15/15 MP: 3/6
   324 | D:1      | Learned a level 2 spell: Call Imp
   710 | D:2      | Slain by a worm

Illustrated notes

Levels and vault maps discovered:
D:1:      nzn_arrival_water_spiral, layout_rooms, serial_shops,
          nicolae_shop_waterfront
D:2:      layout_loops_ring, shapermc_ecumenical_altar_venn,
          grunt_decor_junction, uniq_natasha, uniq_terence

Skill      XL: |  1 |
---------------+----+-----
Summonings     | 5 |  5.2
Dodging        | |  2.1
Stealth        | |  2.0
Spellcasting   | |  2.4

Action                     || total
---------------------------++-------
  Melee: Unarmed           ||     8
         Kick              ||     3
         Peck              ||     1
   Cast: Summon Small Mamm ||    19
         Call Imp          ||     4
   Stab: Sleeping          ||     1
 Armour: Robe              ||     7
  Dodge: Dodged            ||    15

Table legend: (Time is in decaauts)
 A = Elapsed time spent in this place.
 B = Non-inter-level travel time spent in this place.
 C = Inter-level travel time spent in this place.
 D = Time resting spent in this place.
 E = Time spent auto-exploring this place.
 F = Levels seen in this place.
 G = Mean time per level.
                   A        B        C        D        E       F      G
               +--------+--------+--------+--------+--------+-----+--------+
         Total |    711 |    692 |     19 |      0 |    536 |   2 |  355.5 |
       Dungeon |    711 |    692 |     19 |      0 |    536 |   2 |  355.5 |
               +--------+--------+--------+--------+--------+-----+--------+

Top non-repeatable levels by time:
     D:1: 706 daAuts
     D:2: 5 daAuts
